PCL
TEXARKANA BEARS @ LAS VEGAS STARS
09/11/2028
 
TOP OF THE 1ST
Texarkana Bears batting - Pitching for Las Vegas Stars : RHP Ron Moore
Pitching: RHP Ron Moore
Batting: LHB Guy Moss 0-0: Ball
1-0: Ball
2-0: Called Strike
2-1: Called Strike
2-2: Ground out 5-3 (Groundball, 56)
Batting: RHB Tony Reyes 0-0: Called Strike
0-1: Swinging Strike
0-2: Strikes out swinging
Batting: RHB Billy Campbell 0-0: Ball
1-0: Ball
2-0: SINGLE (Groundball, 4MS) (infield hit)
Batting: RHB Michael Barraclough 0-0: Ball
1-0: Foul Ball, location: 2F
1-1: Ball
2-1: Foul Ball, location: 2F
2-2: Strikes out looking
Top of the 1st over - 0 run(s), 1 hit(s), 0 error(s), 1 left on base; Texarkana 0 - Las Vegas 0
BOTTOM OF THE 1ST
Las Vegas Stars batting - Pitching for Texarkana Bears : RHP Alberto Márquez
Pitching: RHP Alberto Márquez
Batting: SHB Júlio Salazar 0-0: Ball
1-0: Fly out, F8 (Line Drive, 8RD)
Batting: RHB Pedro Mata 0-0: Ball
1-0: Ball
2-0: Called Strike
2-1: Swinging Strike
2-2: DOUBLE (Line Drive, 9LM) - OUT at third base trying to stretch hit.
Batting: LHB Paco Rivera 0-0: Fly out, F8 (Flyball, 78D)
Bottom of the 1st over - 0 run(s), 1 hit(s), 0 error(s), 0 left on base; Texarkana 0 - Las Vegas 0
TOP OF THE 2ND
Texarkana Bears batting - Pitching for Las Vegas Stars : RHP Ron Moore
Batting: LHB Sam Barnes 0-0: Foul Ball, location: 2F
0-1: Ball
1-1: Foul Ball, location: 2F
1-2: Reached on error, E2 (Groundball, 2R)
Batting: LHB Tom Mullins 0-0: Ball
1-0: Called Strike
1-1: Swinging Strike
1-2: Fly out, F6 (Line Drive, 6)
Batting: RHB Steve Garneys 0-0: Called Strike
0-1: Called Strike
0-2: Strikes out swinging
Batting: RHB Arturo Rodríguez 0-0: Foul Ball, location: 2F
0-1: Ball
1-1: Called Strike
1-2: Foul Ball, location: 2F
1-2: Strikes out swinging
Top of the 2nd over - 0 run(s), 0 hit(s), 1 error(s), 1 left on base; Texarkana 0 - Las Vegas 0
BOTTOM OF THE 2ND
Las Vegas Stars batting - Pitching for Texarkana Bears : RHP Alberto Márquez
Batting: SHB Sloan James 0-0: Called Strike
0-1: Swinging Strike
0-2: SINGLE (Line Drive, 9LS)
Batting: LHB Clint Parkinson 0-0: Ball
1-0: Swinging Strike
1-1: Ball
2-1: Foul Ball, location: 2F
2-2: Foul Ball, location: 2F
2-2: Ball
3-2: Foul Ball, location: 2F
3-2: Base on Balls
Sloan James to second
Batting: RHB Brandon Pope 0-0: Ball
1-0: Foul Ball, location: 2F
1-1: Fly out, F9 (Flyball, 89M)
Throwing error, E9
Sloan James scores
Clint Parkinson to second
Batting: RHB Jonathan MacVey 0-0: Called Strike
0-1: Ball
1-1: Ball
2-1: Foul Ball, location: 2F
2-2: Ground out 5-3 (Groundball, 56S)
Clint Parkinson to third
Batting: LHB Nathan Frey 0-0: Ball
1-0: Foul Ball, location: 2F
1-1: Foul Ball, location: 2F
1-2: Ball
2-2: Foul Ball, location: 2F
2-2: Foul Ball, location: 2F
2-2: Ground out U3 (Groundball, 3)
Bottom of the 2nd over - 1 run(s), 1 hit(s), 1 error(s), 1 left on base; Texarkana 0 - Las Vegas 1
TOP OF THE 3RD
Texarkana Bears batting - Pitching for Las Vegas Stars : RHP Ron Moore
Batting: RHB Kun Liu 0-0: Foul Ball, location: 2F
0-1: Foul Ball, location: 2F
0-2: SINGLE (Flyball, 9S)
Batting: LHB Guy Moss 0-0: Called Strike
0-1: Foul Ball, location: 2F
0-2: Strikes out swinging
Batting: RHB Tony Reyes 0-0: Called Strike
0-1: Ball
1-1: Ball
2-1: SINGLE (Flyball, 7S)
Kun Liu to second
Batting: RHB Billy Campbell 0-0: Ball
1-0: Called Strike
1-1: Foul Ball, location: 2F
1-2: Ball
2-2: Fly out, F9 (Flyball, 9S)
Batting: RHB Michael Barraclough 0-0: Foul Ball, location: 2F
0-1: Called Strike
0-2: Ball
1-2: Strikes out swinging
Top of the 3rd over - 0 run(s), 2 hit(s), 0 error(s), 2 left on base; Texarkana 0 - Las Vegas 1
BOTTOM OF THE 3RD
Las Vegas Stars batting - Pitching for Texarkana Bears : RHP Alberto Márquez
Batting: RHB Bobby Miller 0-0: Ball
1-0: Ball
2-0: Foul Ball, location: 2F
2-1: Ground out 5-3 (Groundball, 5)
Batting: SHB Júlio Salazar 0-0: Ball
1-0: Ground out 3-1 (Groundball, 34)
Batting: RHB Pedro Mata 0-0: Ball
1-0: Ball
2-0: Ball
3-0: Called Strike
3-1: Ground out 5-3 (Groundball, 5)
Bottom of the 3rd over - 0 run(s), 0 hit(s), 0 error(s), 0 left on base; Texarkana 0 - Las Vegas 1
TOP OF THE 4TH
Texarkana Bears batting - Pitching for Las Vegas Stars : RHP Ron Moore
Batting: LHB Sam Barnes 0-0: Fly out, F9 (Line Drive, 9)
Batting: LHB Tom Mullins 0-0: Ball
1-0: SINGLE (Groundball, 3D)
Batting: RHB Steve Garneys 0-0: Ground out 4-3 (Groundball, 4S)
Tom Mullins to second
Batting: RHB Arturo Rodríguez 0-0: Ball
1-0: Foul Ball, location: 2F
1-1: Fly out, F5 (Line Drive, 56)
Top of the 4th over - 0 run(s), 1 hit(s), 0 error(s), 1 left on base; Texarkana 0 - Las Vegas 1
BOTTOM OF THE 4TH
Las Vegas Stars batting - Pitching for Texarkana Bears : RHP Alberto Márquez
Batting: LHB Paco Rivera 0-0: Swinging Strike
0-1: Swinging Strike
0-2: Foul Ball, location: 2F
0-2: Foul Ball, location: 2F
0-2: Strikes out swinging
Batting: SHB Sloan James 0-0: Ball
1-0: Swinging Strike
1-1: Swinging Strike
1-2: Ground out 6-3 (Groundball, 56)
Batting: LHB Clint Parkinson 0-0: Ball
1-0: Ball
2-0: Ball
3-0: Called Strike
3-1: Fly out, F9 (Flyball, 9D)
Bottom of the 4th over - 0 run(s), 0 hit(s), 0 error(s), 0 left on base; Texarkana 0 - Las Vegas 1
TOP OF THE 5TH
Texarkana Bears batting - Pitching for Las Vegas Stars : RHP Ron Moore
Batting: RHB Kun Liu 0-0: Foul Ball, location: 2F
0-1: Swinging Strike
0-2: Foul Ball, location: 2F
0-2: Ball
1-2: Foul Ball, location: 2F
1-2: Strikes out swinging
Batting: LHB Guy Moss 0-0: Ball
1-0: Foul Ball, location: 2F
1-1: Swinging Strike
1-2: Strikes out swinging
Batting: RHB Tony Reyes 0-0: Foul Ball, location: 2F
0-1: Ball
1-1: Swinging Strike
1-2: Ball
2-2: Strikes out swinging
Top of the 5th over - 0 run(s), 0 hit(s), 0 error(s), 0 left on base; Texarkana 0 - Las Vegas 1
BOTTOM OF THE 5TH
Las Vegas Stars batting - Pitching for Texarkana Bears : RHP Alberto Márquez
Batting: RHB Brandon Pope 0-0: Called Strike
0-1: Ball
1-1: SINGLE (Groundball, 34D)
Batting: RHB Jonathan MacVey 0-0: Ball
1-0: Foul Ball, location: 2F
1-1: Hit by Pitch
Brandon Pope to second
Batting: LHB Nathan Frey 0-0: Foul Ball, location: 2F
0-1: Ball
1-1: Reached on error, E4 (Groundball, 4)
Brandon Pope to third
Jonathan MacVey to second
Batting: RHB Bobby Miller 0-0: Fly out, F3 (Popup, 34)
Batting: SHB Júlio Salazar 0-0: Foul Ball, location: 2F
0-1: Ball
1-1: Foul Ball, location: 2F
1-2: Ball
2-2: Fielders Choice at 2nd, 3-6 (Groundball, 34)
Brandon Pope scores
Jonathan MacVey to third
Batting: RHB Pedro Mata 0-0: Called Strike
Júlio Salazar steals 2nd base
0-1: Called Strike
0-2: Ball
1-2: Foul Ball, location: 2F
1-2: Ball
2-2: Foul Ball, location: 2F
2-2: Ball
3-2: SINGLE (Line Drive, 6MD)
Jonathan MacVey scores
Júlio Salazar to third
Júlio Salazar scores
Batting: LHB Paco Rivera 0-0: Ball
1-0: Swinging Strike
1-1: Swinging Strike
1-2: Fly out, F4 (Popup, 3D)
Bottom of the 5th over - 3 run(s), 2 hit(s), 1 error(s), 1 left on base; Texarkana 0 - Las Vegas 4
TOP OF THE 6TH
Texarkana Bears batting - Pitching for Las Vegas Stars : RHP Ron Moore
Batting: RHB Billy Campbell 0-0: Swinging Strike
0-1: Ball
1-1: Swinging Strike
1-2: Ball
2-2: Ball
3-2: Foul Ball, location: 2F
3-2: Strikes out swinging
Batting: RHB Michael Barraclough 0-0: Ball
1-0: Fly out, F9 (Flyball, 9D)
Batting: LHB Sam Barnes 0-0: Foul Ball, location: 2F
0-1: Called Strike
0-2: Ball
1-2: Fly out, F8 (Flyball, 8LM)
Top of the 6th over - 0 run(s), 0 hit(s), 0 error(s), 0 left on base; Texarkana 0 - Las Vegas 4
BOTTOM OF THE 6TH
Las Vegas Stars batting - Pitching for Texarkana Bears : RHP Alberto Márquez
Batting: SHB Sloan James 0-0: Called Strike
0-1: Called Strike
0-2: Ball
1-2: Ball
2-2: Ground out 5-3 (Groundball, 2L)
Batting: LHB Clint Parkinson 0-0: SINGLE (Groundball, 4MD)
Batting: RHB Brandon Pope 0-0: Called Strike
0-1: Called Strike
0-2: Hit by Pitch
Clint Parkinson to second
Batting: RHB Jonathan MacVey 0-0: Foul Ball, location: 2F
0-1: Swinging Strike
0-2: Foul Ball, location: 2F
0-2: Ball
1-2: Ground out 5-3 (Groundball, 5S)
Clint Parkinson to third
Brandon Pope to second
Pitching: RHP Ralph Willaims
Batting: LHB Nathan Frey 0-0: Called Strike
0-1: Hit by Pitch
Batting: RHB Bobby Miller 0-0: Foul Ball, location: 2F
0-1: Foul Ball, location: 2F
0-2: Ball
1-2: Strikes out swinging
Bottom of the 6th over - 0 run(s), 1 hit(s), 0 error(s), 3 left on base; Texarkana 0 - Las Vegas 4
TOP OF THE 7TH
Texarkana Bears batting - Pitching for Las Vegas Stars : RHP Ron Moore
Batting: LHB Tom Mullins 0-0: Called Strike
0-1: Foul Ball, location: 2F
0-2: Ground out 4-3 (Groundball, 4)
Batting: RHB Steve Garneys 0-0: Ball
1-0: Foul Ball, location: 2F
1-1: Foul Ball, location: 2F
1-2: Foul Ball, location: 2F
1-2: Ball
2-2: Strikes out swinging
Batting: RHB Arturo Rodríguez 0-0: Ball
1-0: Called Strike
1-1: Fly out, F9 (Flyball, 9)
Top of the 7th over - 0 run(s), 0 hit(s), 0 error(s), 0 left on base; Texarkana 0 - Las Vegas 4
BOTTOM OF THE 7TH
Las Vegas Stars batting - Pitching for Texarkana Bears : RHP Ralph Willaims
Batting: SHB Júlio Salazar 0-0: Called Strike
0-1: Ball
1-1: Foul Ball, location: 2F
1-2: Ball
2-2: Ball
3-2: Base on Balls
Batting: RHB Pedro Mata 0-0: Sac Bunt - play at first, batter OUT! 5-3
Júlio Salazar to second
Batting: LHB Paco Rivera 0-0: Intentional Walk
Batting: SHB Sloan James 0-0: Called Strike
Júlio Salazar steals 3rd base
Paco Rivera to second
0-1: Ball
1-1: Foul Ball, location: 2F
1-2: Ball
2-2: Ground out 4-3 (Groundball, 4)
Júlio Salazar scores
Paco Rivera to third
Batting: LHB Clint Parkinson 0-0: Foul Ball, location: 2F
0-1: Ball
1-1: Foul Ball, location: 2F
1-2: Foul Ball, location: 2F
1-2: 2-RUN HOME RUN (Flyball, 9LD), Distance : 389 ft
Batting: RHB Brandon Pope 0-0: Called Strike
0-1: Ball
1-1: Ball
2-1: Foul Ball, location: 2F
2-2: Foul Ball, location: 2F
2-2: Ball
3-2: Foul Ball, location: 2F
3-2: Foul Ball, location: 2F
3-2: Foul Ball, location: 2F
3-2: Ground out 5-3 (Groundball, 5)
Bottom of the 7th over - 3 run(s), 1 hit(s), 0 error(s), 0 left on base; Texarkana 0 - Las Vegas 7
TOP OF THE 8TH
Texarkana Bears batting - Pitching for Las Vegas Stars : RHP Ron Moore
Now at C: Zack Flint
Now at 2B: Héctor Barajas
Batting: RHB Kun Liu 0-0: Called Strike
0-1: Ball
1-1: Ball
2-1: Foul Ball, location: 2F
2-2: SINGLE (Groundball, 6MD)
Pitching: RHP Terry Adams
Batting: LHB Guy Moss 0-0: Foul Ball, location: 2F
0-1: Ball
1-1: Ball
2-1: Foul Ball, location: 2F
2-2: SINGLE (Line Drive, 6MD)
Kun Liu to second
Batting: RHB Tony Reyes 0-0: Ball
1-0: Called Strike
1-1: Foul Ball, location: 2F
1-2: Ball
2-2: SINGLE (Line Drive, 34)
Kun Liu to third
Guy Moss to second
Batting: RHB Billy Campbell 0-0: Ball
1-0: Fly out, F7 (Flyball, 7D)
Runner from 3rd tags up, SCORES, no throw
Guy Moss to third
Batting: RHB Michael Barraclough 0-0: Foul Ball, location: 2F
0-1: Foul Ball, location: 2F
0-2: Ball
1-2: Foul Ball, location: 2F
1-2: DOUBLE (Flyball, 8RXD)
Guy Moss scores
Tony Reyes to third
Batting: LHB Sam Barnes 0-0: Called Strike
0-1: Swinging Strike
0-2: Ball
1-2: Ball
2-2: Ball
3-2: Foul Ball, location: 2F
3-2: Fly out, F8 (Flyball, 78S)
Batting: LHB Tom Mullins 0-0: Called Strike
0-1: Foul Ball, location: 2F
0-2: Foul Ball, location: 2F
0-2: Ball
1-2: Ball
2-2: Ground out 4-3 (Groundball, 34D)
Top of the 8th over - 2 run(s), 4 hit(s), 0 error(s), 2 left on base; Texarkana 2 - Las Vegas 7
BOTTOM OF THE 8TH
Las Vegas Stars batting - Pitching for Texarkana Bears : RHP Ralph Willaims
Pitching: RHP Jesús Sosa
Batting: RHB Jonathan MacVey 0-0: Ball
1-0: Called Strike
1-1: Swinging Strike
1-2: Ball
2-2: Strikes out swinging
Batting: LHB Nathan Frey 0-0: Called Strike
0-1: Called Strike
0-2: Ball
1-2: Strikes out looking
Batting: RHB Bobby Miller 0-0: Called Strike
0-1: Ball
1-1: Ball
2-1: Fly out, F7 (Flyball, 7S)
Bottom of the 8th over - 0 run(s), 0 hit(s), 0 error(s), 0 left on base; Texarkana 2 - Las Vegas 7
TOP OF THE 9TH
Texarkana Bears batting - Pitching for Las Vegas Stars : RHP Terry Adams
Now in RF: León Rivera
Batting: RHB Steve Garneys 0-0: Foul Ball, location: 2F
0-1: Foul Ball, location: 2F
0-2: Ground out U3 (Groundball, 34)
Batting: RHB Arturo Rodríguez 0-0: Ball
1-0: Called Strike
1-1: Fly out, F7 (Flyball, 7LS)
Batting: RHB Kun Liu 0-0: Ball
1-0: Ball
2-0: Ball
3-0: Called Strike
3-1: Foul Ball, location: 2F
3-2: Fly out, F2 (Popup, 13)
Top of the 9th over - 0 run(s), 0 hit(s), 0 error(s), 0 left on base; Texarkana 2 - Las Vegas 7
Tuesday, August 8th, 2017 - OOTP Baseball 17.12 Build 75